 Dungeon Crawl Stone Soup version 0.31-a0-1002-g8e65716e6e (webtiles) character file.

Game seed: 1814770417292286297

394 kae the Vexing (level 6, -14/41 HPs)
             Began as a Demonspawn Enchanter on Nov 9, 2023.
             Was an Initiate of Dithmenos.
             Demolished by Menkaure (21 damage)
             ... on level 3 of the Dungeon.
             The game lasted 00:03:56 (3983 turns).

kae the Vexing (Demonspawn Enchanter)               Turns: 3983, Time: 00:03:57

Health: -14/41     AC:  6    Str:  8    XL:     6   Next: 52%
Magic:  0/10       EV: 12    Int: 19    God:    Dithmenos [......]
Gold:   328        SH:  4    Dex: 13    Spells: 3/10 levels left

rFire   . . .        a - +1 dagger
rCold   . . .        (no shield)
rNeg    + . .        b - +1 robe
rPois   .            (no helmet)
rElec   .            k - scarf {shadows}
rCorr   +            (no gloves)
SInv    .            (no boots)
Will    .....        G - amulet of guardian spirit
Stlth   ++           N - ring of positive energy
HPRegen 0.26/turn    R - ring of resist corrosion
MPRegen 0.12/turn

%: guardian spirit
@: very slightly contaminated
A: yellow scales 2, condensation shield
a: Renounce Religion


You were on level 3 of the Dungeon.
You worshipped Dithmenos.
Dithmenos was noncommittal.
You visited 1 branch of the dungeon, and saw 4 of its levels.

You collected 328 gold pieces.


Innate Abilities, Weirdness & Mutations

You are mostly covered in yellow scales. (AC +3)
A meltable shield of frost defends you. (SH +4)


   Skills:
 * Level 3.0 Short Blades
 + Level 2.9 Dodging
 + Level 3.5 Stealth
 + Level 2.8 Spellcasting
 * Level 4.4 Hexes
 + Level 1.1 Ice Magic
 + Level 1.8 Invocations


You had 3 spell levels left.
You knew the following spells:

 Your Spells              Type           Power      Damage    Failure   Level
a - Ensorcelled Hibernat  Hex/Ice        26%        N/A       8%          2
b - Confusing Touch       Hex            19%        N/A       8%          3
c - Passwall              Tmut/Erth      1%         N/A       24%         2

Your spell library contained the following spells:

 Spells                   Type           Power      Damage    Failure   Level
 Tukima's Dance           Hex            19%        N/A       8%          3
 Dazzling Flash           Conj/Hex       22%        N/A       19%         3
 Swiftness                Air            2%         N/A       43%         3

Inventory:

Hand Weapons
 a - a +1 dagger (weapon)
Missiles
 d - 8 poisoned darts
 e - 2 javelins
 g - 40 stones
Armour
 b - a +1 robe (worn)
 k - a scarf of shadows (worn)
   (You found it on level 2 of the Dungeon)
Jewellery
 w - an amulet of magic regeneration
   (You found it on level 4 of the Dungeon)
 G - an amulet of guardian spirit (around neck)
   (You found it on level 3 of the Dungeon)
 N - a ring of positive energy (left hand)
   (You found it on level 2 of the Dungeon)
 R - a ring of resist corrosion (right hand)
   (You found it on level 3 of the Dungeon)
Wands
 p - a wand of flame (10)
   (You took it off Robin on level 2 of the Dungeon)
Scrolls
 m - a scroll of revelation
 o - a scroll of vulnerability {!r!r}
 q - a scroll of identify {@r1}
 r - a scroll of blinking {!r}
 s - a scroll of noise {!r}
 t - a scroll of torment {!r}
 u - a scroll of teleportation {@r4}
Potions
 c - 3 potions of invisibility
 f - a potion of lignification {!q}
 h - a potion of magic {unknown}
 i - a potion of mutation {!q}
 j - a potion of enlightenment {unknown}
 l - 2 potions of attraction {unknown}
 n - 2 potions of curing {unknown}
 v - a potion of heal wounds {unknown}

Dungeon Overview and Level Annotations

Branches:
Dungeon (4/15) Zot: 20017
 Temple: D:4-7

Altars:
Ashenzari
Cheibriados
Dithmenos
Fedhas
Gozag
Hepliaklqana
Kikubaaqudgha
Qazlal
Uskayaw
Wu Jian

Annotations:
D:3 Menkaure
D:4 3 runed translucent doors

##############+#### #.......# #.#
# ##### #.......# #.# # #...#
#.......# #.# #
#####...#######.......######.# #
....'...'.....'..............####
#####...#######.......####.......
#...# #..M....# #....... #...#
#.@.....# #)...... #...#
#.......# #....... #...#
#.......# #....... #...#
#.......# #....... #...#
#.......# #....... #...#
#.......# #†...... #...#
######### #....... #####...#
#....... ........# #.......


You could see Menkaure (fast).


Message History

The helpless worm fails to defend itself.
You puncture the worm! The worm barely misses you.
You barely miss the worm. The worm bites you. 😕 HP[-5]
You take 5 damage, and now have 36/41 hp.
A worm is nearby!
A worm is nearby!
A worm is nearby!
You hit the worm.
You kill the worm!
Dithmenos accepts your kill.
No target in view!
No target in view!
No target in view!
Your magical contamination has completely faded away. 😕 HP[+1] MP[+1]
You now have 328 gold pieces (gained 13).
You see here a howler monkey skeleton.
w - an amulet of magic regeneration 😎 HP[+4] MP[+3]
Your hp is fully restored (41).
Your mp is fully restored (10).
There is an escape hatch in the ceiling here.
Found a stone staircase leading down.
A ball python is nearby!
A ball python is nearby!
A ball python is nearby!
A ball python is nearby!
Menkaure shouts!
Menkaure gestures wildly while chanting.
Menkaure seems to speed up.
The ball python hisses angrily.
Menkaure calls on the powers of darkness!
The ball python convulses! x2
The ball python hisses angrily.
Your body is wracked with pain! 😮 HP[-13] MP[-4]
You take 13 damage, and now have 28/41 hp.
MASSIVE DAMAGE!! (PAUSE)
You lost 4 mp, and now have 6/10 mp.
The ball python barely misses you. x2
The ball python attacks as it pursues you!
You block the ball python's attack.
The ball python barely misses you. 😮 HP[+1]
The ball python barely misses you.
The ball python completely misses you. 😮 HP[+1] 😮 MP[+1]
The ball python attacks as it pursues you!
You block the ball python's attack. The ball python grabs you.
The ball python constricts you.
You escape the ball python's grasp.
Menkaure forgets how to speak, silenced by the ages.
The ball python attacks as it pursues you!
The ball python bites you but does no damage.
The ball python completely misses you.
There is an escape hatch in the ceiling here.
Menkaure misses you. A mysterious force pulls you upwards.
The hatch slams shut behind you. 😕 HP[+1] Unknown command.
Unknown command.
Unknown command.
Casting: Ensorcelled Hibernation (safe; 8% risk of failure)
Confirm with . or Enter, or press ? or * to list all spells.
Aiming: Ensorcelled Hibernation (safe; 8% risk of failure)
Press: ? - help, Shift-Dir - straight line, f - ball python
Aim: a ball python (chance to affect: 64%)
The ball python struggles to resist.
The ball python bites you but does no damage.
The ball python barely misses you. Menkaure barely misses you. 😕 MP[-2]
You lost 2 mp, and now have 5/10 mp.
You hit the ball python.
You kill the ball python!
Dithmenos accepts your kill. Menkaure hits you but does no damage.
Casting: Ensorcelled Hibernation (safe; 8% risk of failure)
Confirm with . or Enter, or press ? or * to list all spells.
You can't see any susceptible monsters within range! (Use Z to cast anyway.)
Casting: Ensorcelled Hibernation (safe; 8% risk of failure)
Confirm with . or Enter, or press ? or * to list all spells.
You miscast Confusing Touch.
You are very lightly contaminated with residual magic.
Nothing appears to happen.
Menkaure hits you!
* * * LOW HITPOINT WARNING * * *
😨 HP[-12] MP[-3]
You take 12 damage, and now have 19/41 hp.
MASSIVE DAMAGE!! (PAUSE)
You lost 3 mp, and now have 2/10 mp.
You hit Menkaure but do no damage. You block Menkaure's attack.
Unknown command.
You hit Menkaure but do no damage. Menkaure hits you!
* * * LOW HITPOINT WARNING * * *
😱 HP[-12] MP[-1]
You take 12 damage, and now have 7/41 hp.
MASSIVE DAMAGE!! (PAUSE)
You lost 1 mp, and now have 1/10 mp.
You barely miss Menkaure. Menkaure hits you!!
Ouch! That really hurt!
You die...

Skill      XL: |  1  2  3  4  5  6 |
---------------+-------------------+-----
Short Blades   | 1 2 3 |  3.0
Dodging        | 2 |  2.9
Stealth        | 3 |  3.5
Hexes          | 4 |  4.4
Invocations    | 1 |  1.8
Ice Magic      | 1 |  1.1
Spellcasting   | |  2.8

Action                     |  1- 3 |  4- 6 || total
---------------------------+-------+-------++-------
  Melee: Dagger            |   221 |   142 ||   363
         Punch             |     1 |       ||     1
   Cast: Ensorcelled Hiber |    13 |    18 ||    31
         Confusing Touch   |       |     3 ||     3
    Use: Scroll            |     4 |     9 ||    13
   Stab: Sleeping          |    17 |    21 ||    38
         Confused          |       |     4 ||     4
         Distracted        |       |     1 ||     1
 Armour: Robe              |   108 |    75 ||   183
  Dodge: Dodged            |   136 |    69 ||   205
  Block: Other             |    36 |    21 ||    57

Levels and vault maps discovered:
D:1:      eino_arrival_water_star, layout_basic, minmay_cut_off
D:2:      wad_river_or_something, layout_basic,
          chequers_ecumenical_altar_simple, uniq_robin
D:3:      layout_basic, nicolae_dithmenos_shadow_blocks,
          nicolae_overflow_hallway_of_the_gods, saegor_snake_ambush,
          uniq_terence
D:4:      layout_rooms, gammafunk_ghost_icy, uniq_eustachio, uniq_menkaure

Notes
Turn   | Place    | Note
-------+----------+-------------------------------------------
     0 | D:1      | kae the Demonspawn Enchanter began the quest for the Orb.
     0 | D:1      | Reached XP level 1. HP: 13/13 MP: 3/3
     0 | D:1      | magus.rc [v1.11.3]
    35 | D:1      | Reached skill level 1 in Short Blades
   124 | D:1      | Gained mutation: A meltable shield of frost defends you.
                  | (SH +4) [demonic ancestry]
   124 | D:1      | Reached XP level 2. HP: 19/19 MP: 5/5
   158 | D:1      | Learned a level 2 spell: Ensorcelled Hibernation
   240 | D:1      | Reached skill level 2 in Dodging
   539 | D:1      | Gained mutation: You are partially covered in yellow
                  | scales. (AC +2) [demonic ancestry]
   539 | D:1      | Reached XP level 3. HP: 12/24 MP: 6/6
   811 | D:1      | You pick up a book of Burglary and begin reading...
   811 | D:1      | You add the spells Passwall and Swiftness to your library.
  1034 | D:1      | Reached skill level 3 in Stealth
  1300 | D:2      | Found a faded altar of an unknown god.
  1630 | D:2      | Reached XP level 4. HP: 25/30 MP: 7/7
  1837 | D:2      | Noticed Robin
  2130 | D:2      | Killed Robin
  2131 | D:2      | Reached skill level 2 in Short Blades
  2233 | D:2      | Learned a level 3 spell: Confusing Touch
  2236 | D:2      | Learned a level 2 spell: Passwall
  2329 | D:3      | Found a shadowy altar of Dithmenos.
  2412 | D:3      | Became a worshipper of Dithmenos the Shadowed
  2989 | D:3      | Noticed Terence
  3005 | D:3      | Killed Terence
  3006 | D:3      | Reached XP level 5. HP: 23/35 MP: 4/8
  3146 | D:3      | Reached skill level 4 in Hexes
  3355 | D:3      | Found a hazy altar of Hepliaklqana.
  3355 | D:3      | Found an opulent altar of Gozag.
  3355 | D:3      | Found a broken altar of Ashenzari.
  3361 | D:3      | Found an ancient bone altar of Kikubaaqudgha.
  3363 | D:3      | Found a stormy altar of Qazlal.
  3364 | D:3      | Found an ornate altar of the Wu Jian Council.
  3366 | D:3      | Found a snail-covered altar of Cheibriados.
  3369 | D:3      | Found a hide-covered altar of Uskayaw.
  3371 | D:3      | Found a blossoming altar of Fedhas.
  3488 | D:4      | Reached skill level 1 in Invocations
  3592 | D:4      | Found a runed translucent gate.
  3592 | D:4      | Found a runed translucent gate.
  3594 | D:4      | Found a runed translucent gate.
  3661 | D:4      | Noticed a black bear
  3671 | D:4      | Killed a black bear
  3672 | D:4      | Reached skill level 1 in Ice Magic
  3672 | D:4      | Gained mutation: You are mostly covered in yellow scales.
                  | (AC +3) [demonic ancestry]
  3672 | D:4      | Reached XP level 6. HP: 41/41 MP: 6/10
  3712 | D:4      | Reached skill level 3 in Short Blades
  3712 | D:4      | Noticed Menkaure
  3728 | D:4      | HP: 10/41 [Menkaure/nerve-wracking pain (3)]
  3982 | D:3      | HP: 7/41 [Menkaure (13)]
  3983 | D:3      | Demolished by Menkaure

Vanquished Creatures
  A black bear (D:4)
  2 howler monkeys (D:4)
  A jelly (D:4)
  Terence (D:3)
  An iguana (D:4)
  Robin (D:2)
  3 adders (D:3)
  4 worms
  2 dart slugs
  16 ball pythons
  9 bats
  5 endoplasms
  3 giant cockroaches (D:1)
  16 goblins
  9 hobgoblins
  5 quokkas
  4 frilled lizards (D:1)
  7 kobolds
  7 rats
97 creatures vanquished.

Table legend:
 A = Non-vault XP
 B = Vault XP
 C = Vault XP percentage of total XP
 D = Non-vault monster count
 E = Vault monster count
 F = Vault count percentage of total count
                 A         B        C        D         E       F
            +---------+---------+-------+---------+---------+-------
      Total |     450 |     114 |  20.2 |      73 |      24 |  24.7
            +---------+---------+-------+---------+---------+-------
        D:1 |      57 |       5 |   8.1 |      34 |       3 |   8.1
        D:2 |      31 |      43 |  58.1 |      17 |      17 |  50.0
        D:3 |      39 |      66 |  62.9 |      12 |       4 |  25.0
        D:4 |     323 |       0 |   0.0 |      10 |       0 |   0.0
            +---------+---------+-------+---------+---------+-------

Skill      XL: |  1  2  3  4  5  6 |
---------------+-------------------+-----
Short Blades   | 1 2 3 |  3.0
Dodging        | 2 |  2.9
Stealth        | 3 |  3.5
Hexes          | 4 |  4.4
Invocations    | 1 |  1.8
Ice Magic      | 1 |  1.1
Spellcasting   | |  2.8

Action                     |  1- 3 |  4- 6 || total
---------------------------+-------+-------++-------
  Melee: Dagger            |   221 |   142 ||   363
         Punch             |     1 |       ||     1
   Cast: Ensorcelled Hiber |    13 |    18 ||    31
         Confusing Touch   |       |     3 ||     3
    Use: Scroll            |     4 |     9 ||    13
   Stab: Sleeping          |    17 |    21 ||    38
         Confused          |       |     4 ||     4
         Distracted        |       |     1 ||     1
 Armour: Robe              |   108 |    75 ||   183
  Dodge: Dodged            |   136 |    69 ||   205
  Block: Other             |    36 |    21 ||    57

Illustrated notes

Table legend:
 A = Kills in this place as a percentage of kills in the entire game.
 B = Kills by you in this place as a percentage of kills by you in the entire game.
 C = Kills by friends in this place as a percentage of kills by friends in the entire game.
 D = Other kills in this place as a percentage of other kills in the entire game.
 E = Experience gained in this place as a percentage of experience gained in the entire game.
 F = Experience gained in this place divided by the number of levels of this place that you have seen.
                   A       B       C       D       E      F
               +-------+-------+-------+-------+-------+----------------------
         Total | 100.0 | 100.0 |   N/A |   N/A | 100.0 | 141.0
       Dungeon | 100.0 | 100.0 |   N/A |   N/A | 100.0 | 141.0
               +-------+-------+-------+-------+-------+----------------------

Table legend: (Time is in decaauts)
 A = Elapsed time spent in this place.
 B = Non-inter-level travel time spent in this place.
 C = Inter-level travel time spent in this place.
 D = Time resting spent in this place.
 E = Time spent auto-exploring this place.
 F = Levels seen in this place.
 G = Mean time per level.
                   A        B        C        D        E       F      G
               +--------+--------+--------+--------+--------+-----+--------+
         Total |   3981 |   3908 |     73 |    228 |   2805 |   4 |  995.2 |
       Dungeon |   3981 |   3908 |     73 |    228 |   2805 |   4 |  995.2 |
               +--------+--------+--------+--------+--------+-----+--------+

Top non-repeatable levels by time:
     D:3: 1386 daAuts
     D:2: 1146 daAuts
     D:1: 1090 daAuts
     D:4: 358 daAuts
